AoeStats
← andreipg2017

Arabia

510760866Analyzed
1v1 RM · 1d ago on Oct 2, 2026· 29m 26s· 2 players
Game mode
Random Map
Map size
Tiny (2 player)
Population
200
Speed
Normal
Resources
Standard
Victory
Conquest
Starting age
Dark Age
Ending age
Imperial Age
RankedLock teamsTeams togetherTeam positionsShared explorationLock speedFull tech treeHidden civsTurbo modeCheats
Victory
Defeat
🇪🇸 Varangians · Spain
193
+20
🇺🇸 Huns · United States
285
-20
Sap2DEUCE
9:35 Loom
12:27 Feudal Age
12:54 Horse Collar
13:04 Double-Bit Axe
17:51 Town Watch
21:27 Castle Age
21:52 Bloodlines
22:48 Light Cavalry
andreipg2017
11:39 Feudal Age
15:38 Double-Bit Axe
15:35 Horse Collar
19:48 Castle Age
17:45 Gold Mining
17:45 Stone Mining
18:12 Forging
18:02 Scale Mail Armor
18:26 Scale Mail Armor
18:40 Man-at-Arms
20:07 Fletching
27:20 Squires
29:49 Stone Mining
Connection lost

Rejoining the realm…

Still unreachable

The connection could not be restored.

Session expired

The server has moved on; the page needs a fresh start.